WCHLSIM.com - West Coast Hockey League
html PUBLIC "-//W3C//DTD XHTML 1.0 Transitional//EN" "http://www.w3.org/TR/xhtml1/DTD/xhtml1-transitional.dtd"> WCHL - Game 23 - EDMONTON ICE vs WINNIPEG BEAVERS

EDMONTON ICE vs WINNIPEG BEAVERS

Created - 15 octobre 2022 at 23:01

Goals
1 2 3 T
EDMONTON ICE 1 0 2 3
WINNIPEG BEAVERS 0 3 2 5
Shots
1 2 3 T
EDMONTON ICE 8 5 13 26
WINNIPEG BEAVERS 7 8 7 22

1st period

1. EDMONTON ICE , Timo Meier 4 (Joel Eriksson Ek 4) at 12:44

Penalties :
Jack Roslovic (WIN) for Interference (Minor) at 7:38, Ryan Graves (EDM) for Hooking (Minor) at 13:40

2nd period

2. WINNIPEG BEAVERS , Brad Marchand 1 (Joe Pavelski 2, Jordan Staal 2) at 1:52 (PP)
3. WINNIPEG BEAVERS , Jordan Staal 2 (Ondrej Palat 1, Alexander Radulov 1) at 6:29
4. WINNIPEG BEAVERS , Sean Kuraly 1 (Brandon Tanev 1, Victor Hedman 1) at 7:11

Penalties :
Jordan Spence (EDM) for Tripping (Minor) at 0:37, Caleb Jones (WIN) for Hooking (Minor) at 17:33

3rd period

5. WINNIPEG BEAVERS , Brad Marchand 2 (Joe Pavelski 3, Chris Tanev 2) at 0:20
6. EDMONTON ICE , Timo Meier 5 (Jack Eichel 2) at 3:48
7. EDMONTON ICE , Jack Eichel 1 (Tanner Jeannot 1, Anthony Mantha 1) at 8:24
8. WINNIPEG BEAVERS , Brad Marchand 3 (Joe Pavelski 4, Ian Cole 1) at 11:55

Penalties :
Rasmus Ristolainen (WIN) for Interference (Minor) at 1:48, Austin Watson (EDM) for Hooking (Minor) at 13:42, Anton Forsberg (WIN) for Delaying the game (Minor) at 18:56 - Carson Soucy served the penalty.

Goalie Stats

Alex Nedeljkovic (EDM), 5 saves from 6 shots - (0,833), 19:40 minutes
Jonathan Quick (EDM), 12 saves from 16 shots - (0,750), L, 1-1-0, 40:20 minutes
Anton Forsberg (WIN), 23 saves from 26 shots - (0,885), W, 1-0-1, 60:00 minutes

Players Stats for EDMONTON ICE

Player Name              G  A  P  +/- PIM S  H  SB GA TA FO     MP     PP MP  PK MP  
------------------------------------------------------------------------------------
Andy Greene              0  0  0   0  0   0  1  1  0  0  0/0    16:21   0:00   2:23 
Anthony Mantha           0  1  1  -1  0   0  0  0  0  0  0/0    19:31   4:11   0:00 
Anton Lundell            0  0  0  -1  0   4  0  1  0  0  7/20   15:33   0:00   4:08 
Austin Watson            0  0  0  -1  2   0  3  0  0  0  0/1    11:24   0:00   0:00 
Jack Eichel              1  1  2  -1  0   2  0  0  0  0  15/27  19:31   4:11   0:00 
Joel Eriksson Ek         0  1  1   1  0   1  1  0  0  0  9/17   20:42   2:34   0:00 
Jonas Brodin             0  0  0  -1  0   2  2  2  0  0  0/0    23:28   4:31   2:47 
Joonas Donskoi           0  0  0  -1  0   0  0  0  0  0  0/2    16:03   2:49   1:49 
Jordan Spence            0  0  0  -1  2   0  3  1  0  0  0/0    18:32   2:29   0:47 
Joshua Mahura            0  0  0   0  0   1  0  0  0  0  0/0    15:09   0:15   0:03 
Kieffer Bellows          0  0  0   0  0   0  1  0  0  0  0/0     2:54   0:00   0:00 
Nicholas Boka            0  0  0   0  0   0  0  0  0  0  0/0     0:00   0:00   0:00 
Ryan Graves              0  0  0   0  2   1  0  2  0  0  0/0    21:26   2:29   1:19 
Scott Laughton           0  0  0   1  0   1  1  0  0  0  0/1    21:47   0:15   3:24 
Shea Theodore            0  0  0   0  0   0  2  0  0  0  0/0    25:02   4:16   3:07 
Tanner Jeannot           0  1  1  -1  0   7  8  0  0  0  0/3    21:03   2:49   0:00 
Thomas Novak             0  0  0   0  0   1  0  0  0  0  2/6     3:52   0:00   0:58 
Timo Meier               2  0  2   1  0   6  0  0  0  0  0/1    22:26   4:11   0:07 

Players Stats for WINNIPEG BEAVERS

Player Name              G  A  P  +/- PIM S  H  SB GA TA FO     MP     PP MP  PK MP  
------------------------------------------------------------------------------------
Alexander Radulov        0  1  1   0  0   1  0  0  0  0  0/1    16:36   2:35   0:00 
Brad Marchand            3  0  3   0  0   7  1  0  0  0  0/0    17:01   2:38   0:00 
Brandon Tanev            0  1  1   1  0   2  2  0  0  0  0/0    16:26   0:00   4:06 
Caleb Jones              0  0  0  -1  2   0  4  0  0  0  0/0    15:57   0:00   1:49 
Carson Soucy             0  0  0  -1  0   1  1  1  0  0  0/0    16:37   0:02   2:26 
Chris Tanev              0  1  1   1  0   0  0  1  0  0  0/0    22:45   2:32   3:02 
Ian Cole                 0  1  1   1  0   0  2  1  0  0  0/0    18:00   2:39   0:00 
Jack Roslovic            0  0  0   0  2   1  0  0  0  0  3/4    16:57   2:35   0:00 
Joe Pavelski             0  3  3   0  0   2  0  0  0  0  11/19  17:01   2:38   0:00 
Joe Thornton             0  0  0   0  0   1  1  0  0  0  3/6     9:57   0:00   2:54 
Jordan Staal             1  1  2   0  0   3  0  0  0  0  14/22  16:39   2:38   0:00 
Ondrej Palat             0  1  1   0  0   1  1  0  0  0  1/1    16:36   2:35   0:00 
Rasmus Ristolainen       0  0  0   1  2   0  2  0  0  0  0/0    22:00   2:39   2:55 
Sean Kuraly              1  0  1   1  0   2  0  0  0  0  12/21  16:26   0:00   4:06 
Seth Griffith            0  0  0   0  0   0  0  0  0  0  0/1     9:57   0:00   2:54 
Steven Lorentz           0  0  0   0  0   0  0  0  0  0  1/2     7:03   0:00   0:00 
Tyler Ennis              0  0  0   1  0   0  0  0  0  0  0/1    12:20   0:00   0:00 
Victor Hedman            0  1  1   1  0   1  1  4  0  0  0/0    24:39   2:34   3:48 

3 Stars

1 - Brad Marchand (WIN)
2 - Timo Meier (EDM)
3 - Joe Pavelski (WIN)

Power Play

EDMONTON ICE - 0 on 4 Attempt(s) - 0,00%
WINNIPEG BEAVERS - 1 on 3 Attempt(s) - 33,33%

Penalty Kill

EDMONTON ICE - 2 on 3 Attempt(s) - 66,67% - Score 0 goal in Penalty Kill
WINNIPEG BEAVERS - 4 on 4 Attempt(s) - 100,00% - Score 0 goal in Penalty Kill

Team Stat

EDMONTON ICE - Hits : 22 - Faceoff Wins : 33 - Blocked Shots : 7 - Penalty Minutes : 6
WINNIPEG BEAVERS - Hits : 15 - Faceoff Wins : 45 - Blocked Shots : 7 - Penalty Minutes : 8

Official

Referees : Brad Meier and Kendrick Nicholson
Linesman : Bryan Pancich and Neil Campbell

Game Notes

Alex Nedeljkovic enters game at 0:20 of 3rd period
Brad Marchand has scored a Hat Trick!

Finance

Level 1 -- Attendance: 6000 (100,00%) -- Ticket Income 936 000 $
Level 2 -- Attendance: 4468 (89,36%) -- Ticket Income 531 692 $
Level 3 -- Attendance: 2000 (100,00%) -- Ticket Income 190 000 $
Level 4 -- Attendance: 3995 (99,88%) -- Ticket Income 291 635 $
Luxury Box -- Attendance: 839 (83,90%) -- Ticket Income 281 065 $
Total Attendance: 17302 (96,12%)
Total Ticket Income: 2 230 392 $
Other Expense: 22 304 $
Total Income: 2 208 088 $

EDMONTON ICE

5 vs 5 Forward 
   Center                   Left Wing                Right Wing               Time % Phy DF OF 
 1 Joel Eriksson Ek         Timo Meier               Scott Laughton           38     0   2  3  
 2 Jack Eichel              Anthony Mantha           Tanner Jeannot           35     1   2  2  
 3 Anton Lundell            Austin Watson            Joonas Donskoi           23     0   4  1  
 4 Thomas Novak             Kieffer Bellows          Tanner Jeannot           4      1   4  0  

5 vs 5 Defense 
   Defense                  Defense                                           Time % Phy DF OF 
 1 Shea Theodore            Ryan Graves                                       36     1   2  2  
 2 Jonas Brodin             Jordan Spence                                     34     0   3  2  
 3 Joshua Mahura            Andy Greene                                       24     0   4  1  
 4 Jonas Brodin             Joshua Mahura                                     6      0   3  2  

PowerPlay Forward 
   Center                   Left Wing                Right Wing               Time % Phy DF OF 
 1 Jack Eichel              Timo Meier               Anthony Mantha           60     0   1  4  
 2 Joel Eriksson Ek         Joonas Donskoi           Tanner Jeannot           40     0   2  3  

PowerPlay Defense
   Defense                  Defense                                           Time % Phy DF OF 
 1 Shea Theodore            Jonas Brodin                                      55     0   2  3  
 2 Ryan Graves              Jordan Spence                                     45     1   2  2  

Penalty Kill 4 Players Forward 
   Center                   Wing                     Time % Phy DF OF 
 1 Anton Lundell            Scott Laughton           57     0   4  1  
 2 Thomas Novak             Joonas Donskoi           43     0   4  1  

Penalty Kill 4 Players Defense
   Defense                  Defense                  Time % Phy DF OF 
 1 Jonas Brodin             Ryan Graves              57     0   5  0  
 2 Shea Theodore            Andy Greene              43     0   5  0  

Penalty Kill - 3 Players Forward 
   Forward                                           Time % Phy DF OF 
 1 Anton Lundell                                     55     0   5  0  
 2 Thomas Novak                                      45     0   5  0  

Penalty Kill - 3 Players Defense
   Defense                  Defense                  Time % Phy DF OF 
 1 Jonas Brodin             Ryan Graves              55     0   5  0  
 2 Joshua Mahura            Andy Greene              45     0   5  0  

4 vs 4 Forward 
   Center                   Wing                     Time % Phy DF OF 
 1 Anton Lundell            Timo Meier               55     1   2  2  
 2 Jack Eichel              Kieffer Bellows          45     1   2  2  

4 vs 4 Defense
   Defense                  Defense                  Time % Phy DF OF 
 1 Shea Theodore            Joshua Mahura            55     1   2  2  
 2 Jordan Spence            Jonas Brodin             45     1   2  2  

Last Minutes Offensive
   Center                   Left Wing                Right Wing               Defense                  Defense                  
   Joel Eriksson Ek         Timo Meier               Anthony Mantha           Shea Theodore            Jonas Brodin             

Last Minutes Defensive
   Center                   Left Wing                Right Wing               Defense                  Defense                  
   Joel Eriksson Ek         Anton Lundell            Tanner Jeannot           Shea Theodore            Jonas Brodin             

Goaltenders
Starting : Jonathan Quick           
Backup : Alex Nedeljkovic         

Extra Forwards
Normal : Anton Lundell, Scott Laughton, Anthony Mantha - PP : Scott Laughton, Anton Lundell - PK : Timo Meier
Extra Defensemen
Normal : Shea Theodore, Jordan Spence, Joshua Mahura - PP : Ryan Graves - PK : Shea Theodore, Jordan Spence
Penalty Shots
Timo Meier, Jack Eichel, Anton Lundell, Anthony Mantha, Joel Eriksson Ek
Custom OT Lines Forwards
Timo Meier, Joel Eriksson Ek, Jack Eichel, Anton Lundell, Anthony Mantha, Tanner Jeannot, Scott Laughton, Kieffer Bellows, Joonas Donskoi, Austin Watson
Custom OT Lines Defensemen
Shea Theodore, Jonas Brodin, Ryan Graves, Jordan Spence, Andy Greene

Scratches
Jesper Sellgren (Healthy), Michael Matheson (Fractured Metatarsal (Left Foot) Injury), Zach Whitecloud (Left Hip Injury), Scott Wedgewood (Healthy)

WINNIPEG BEAVERS

5 vs 5 Forward 
   Center                   Left Wing                Right Wing               Time % Phy DF OF 
 1 Joe Pavelski             Brad Marchand            Jack Roslovic            33     0   3  2  
 2 Jordan Staal             Ondrej Palat             Alexander Radulov        31     0   3  2  
 3 Sean Kuraly              Brandon Tanev            Tyler Ennis              26     1   3  1  
 4 Joe Thornton             Steven Lorentz           Seth Griffith            10     3   2  0  

5 vs 5 Defense 
   Defense                  Defense                                           Time % Phy DF OF 
 1 Victor Hedman            Rasmus Ristolainen                                33     1   3  1  
 2 Chris Tanev              Ian Cole                                          32     1   3  1  
 3 Carson Soucy             Caleb Jones                                       28     1   4  0  
 4 Victor Hedman            Chris Tanev                                       7      1   2  2  

PowerPlay Forward 
   Center                   Left Wing                Right Wing               Time % Phy DF OF 
 1 Jordan Staal             Brad Marchand            Joe Pavelski             53     1   2  2  
 2 Jack Roslovic            Ondrej Palat             Alexander Radulov        47     1   2  2  

PowerPlay Defense
   Defense                  Defense                                           Time % Phy DF OF 
 1 Victor Hedman            Chris Tanev                                       52     1   2  2  
 2 Rasmus Ristolainen       Ian Cole                                          48     1   2  2  

Penalty Kill 4 Players Forward 
   Center                   Wing                     Time % Phy DF OF 
 1 Sean Kuraly              Brandon Tanev            52     0   4  1  
 2 Seth Griffith            Joe Thornton             48     0   4  1  

Penalty Kill 4 Players Defense
   Defense                  Defense                  Time % Phy DF OF 
 1 Carson Soucy             Chris Tanev              52     1   2  2  
 2 Rasmus Ristolainen       Victor Hedman            48     1   2  2  

Penalty Kill - 3 Players Forward 
   Forward                                           Time % Phy DF OF 
 1 Jordan Staal                                      55     0   5  0  
 2 Sean Kuraly                                       45     0   5  0  

Penalty Kill - 3 Players Defense
   Defense                  Defense                  Time % Phy DF OF 
 1 Victor Hedman            Chris Tanev              52     1   4  0  
 2 Rasmus Ristolainen       Ian Cole                 48     1   4  0  

4 vs 4 Forward 
   Center                   Wing                     Time % Phy DF OF 
 1 Joe Pavelski             Jack Roslovic            51     1   2  2  
 2 Jordan Staal             Ondrej Palat             49     1   2  2  

4 vs 4 Defense
   Defense                  Defense                  Time % Phy DF OF 
 1 Victor Hedman            Rasmus Ristolainen       51     1   2  2  
 2 Chris Tanev              Ian Cole                 49     1   2  2  

Last Minutes Offensive
   Center                   Left Wing                Right Wing               Defense                  Defense                  
   Joe Pavelski             Brad Marchand            Alexander Radulov        Victor Hedman            Chris Tanev              

Last Minutes Defensive
   Center                   Left Wing                Right Wing               Defense                  Defense                  
   Joe Pavelski             Brad Marchand            Alexander Radulov        Victor Hedman            Chris Tanev              

Goaltenders
Starting : Anton Forsberg           
Backup : Braden Holtby            

Extra Forwards
Normal : Jordan Staal, Joe Pavelski, Brad Marchand - PP : Sean Kuraly, Joe Thornton - PK : Brandon Tanev
Extra Defensemen
Normal : Carson Soucy, Caleb Jones, Rasmus Ristolainen - PP : Carson Soucy - PK : Caleb Jones, Rasmus Ristolainen
Penalty Shots
Joe Pavelski, Brad Marchand, Jordan Staal, Ondrej Palat, Alexander Radulov
Custom OT Lines Forwards
Joe Pavelski, Brad Marchand, Jordan Staal, Ondrej Palat, Sean Kuraly, Alexander Radulov, Jack Roslovic, Joe Thornton, Brandon Tanev, Tyler Ennis
Custom OT Lines Defensemen
Victor Hedman, Chris Tanev, Rasmus Ristolainen, Ian Cole, Carson Soucy

Scratches
None


% Time on Ice - EDMONTON ICE

Lines # - Real PCT - Wanted PCT - Time Play
Normal Forward
1 - 38% - 38% - 18:08
2 - 32% - 35% - 15:20
3 - 24% - 23% - 11:25
4 - 6% - 4% - 2:54
Normal Defense
1 - 37% - 36% - 17:39
2 - 32% - 34% - 15:17
3 - 29% - 24% - 13:58
4 - 2% - 6% - 0:53
PP Forward
1 - 60% - 60% - 4:11
2 - 40% - 40% - 2:49
PP Defense
1 - 65% - 55% - 4:31
2 - 35% - 45% - 2:29
PK Forward
1 - 81% - 57% - 4:15
2 - 19% - 43% - 0:58
PK Defense
1 - 54% - 57% - 2:50
2 - 46% - 43% - 2:23
PK3 Forward
1 - 0% - 55%
2 - 0% - 45%
PK3 Defense
1 - 0% - 55%
2 - 0% - 45%
44 Forward
1 - 0% - 55%
2 - 0% - 45%
44 Defense
1 - 0% - 55%
2 - 0% - 45%
Last Minute Offensive  - 0:00
Last Minute Defensive  - 0:00
Total
Forward - 60:00
Defense - 60:00

% Time on Ice - WINNIPEG BEAVERS

Lines # - Real PCT - Wanted PCT - Time Play
Normal Forward
1 - 30% - 33% - 14:23
2 - 29% - 31% - 14:01
3 - 26% - 26% - 12:20
4 - 15% - 10% - 7:03
Normal Defense
1 - 34% - 33% - 16:27
2 - 32% - 32% - 15:21
3 - 30% - 28% - 14:09
4 - 4% - 7% - 1:50
PP Forward
1 - 50% - 53% - 2:38
2 - 50% - 47% - 2:35
PP Defense
1 - 49% - 52% - 2:34
2 - 51% - 48% - 2:39
PK Forward
1 - 59% - 52% - 4:06
2 - 41% - 48% - 2:54
PK Defense
1 - 43% - 52% - 3:02
2 - 57% - 48% - 3:58
PK3 Forward
1 - 0% - 55%
2 - 0% - 45%
PK3 Defense
1 - 0% - 52%
2 - 0% - 48%
44 Forward
1 - 0% - 51%
2 - 0% - 49%
44 Defense
1 - 0% - 51%
2 - 0% - 49%
Last Minute Offensive  - 0:00
Last Minute Defensive  - 0:00
Total
Forward - 60:00
Defense - 60:00

Play-by-Play

1st period


0:01 of 1st period - Jack Roslovic wins face-off versus Joel Eriksson Ek in neutral zone.
1:10 of 1st period - Shot by Alexander Radulov.
1:10 of 1st period - Stopped by Jonathan Quick without a rebound.
1:11 of 1st period - Jack Eichel wins face-off versus Sean Kuraly in EDMONTON ICE zone.
1:36 of 1st period - Shot by Tyler Ennis.
1:36 of 1st period - Shot Misses the Net.
1:43 of 1st period - Brandon Tanev is hit by Jonas Brodin and loses puck.
1:48 of 1st period - Shot by Tyler Ennis.
1:48 of 1st period - Shot Misses the Net.
1:50 of 1st period - Shot by Carson Soucy.
1:50 of 1st period - Stopped by Jonathan Quick without a rebound.
1:51 of 1st period - Jordan Staal wins face-off versus Anton Lundell in EDMONTON ICE zone.
1:55 of 1st period - Icing by Anton Lundell.
1:56 of 1st period - Anton Lundell wins face-off versus Joe Thornton in EDMONTON ICE zone.
2:14 of 1st period - Shot by Anton Lundell.
2:14 of 1st period - Stopped by Anton Forsberg without a rebound.
2:15 of 1st period - Jordan Staal wins face-off versus Thomas Novak in WINNIPEG BEAVERS zone.
2:15 of 1st period - Jordan Staal is hit by Tanner Jeannot.
2:50 of 1st period - Jordan Staal is hit by Kieffer Bellows and loses puck.
3:03 of 1st period - Tanner Jeannot is hit by Ondrej Palat and loses puck.
3:34 of 1st period - Shot by Austin Watson.
3:34 of 1st period - Shot Misses the Net.
3:37 of 1st period - Icing by Jack Roslovic.
3:38 of 1st period - Joel Eriksson Ek wins face-off versus Joe Pavelski in WINNIPEG BEAVERS zone.
3:57 of 1st period - Shot by Timo Meier.
3:57 of 1st period - Stopped by Anton Forsberg without a rebound.
3:58 of 1st period - Sean Kuraly wins face-off versus Anton Lundell in WINNIPEG BEAVERS zone.
4:28 of 1st period - Icing by Andy Greene.
4:29 of 1st period - Anton Lundell wins face-off versus Joe Thornton in EDMONTON ICE zone.
4:31 of 1st period - Icing by Joonas Donskoi.
4:32 of 1st period - Joe Pavelski wins face-off versus Anton Lundell in EDMONTON ICE zone.
4:37 of 1st period - Shot by Jack Roslovic.
4:37 of 1st period - Stopped by Jonathan Quick without a rebound.
4:38 of 1st period - Jack Eichel wins face-off versus Steven Lorentz in EDMONTON ICE zone.
4:55 of 1st period - Shot by Joe Thornton.
4:55 of 1st period - Stopped by Jonathan Quick with a rebound.
5:10 of 1st period - Joe Thornton is hit by Shea Theodore and loses puck.
5:28 of 1st period - Steven Lorentz is hit by Tanner Jeannot and loses puck.
5:50 of 1st period - Icing by Shea Theodore.
5:51 of 1st period - Sean Kuraly wins face-off versus Jack Eichel in EDMONTON ICE zone.
6:11 of 1st period - Sean Kuraly is hit by Tanner Jeannot and loses puck.
6:42 of 1st period - Shot by Brad Marchand.
6:42 of 1st period - Stopped by Jonathan Quick without a rebound.
6:43 of 1st period - Jordan Staal wins face-off versus Anton Lundell in EDMONTON ICE zone.
6:52 of 1st period - Shot by Jordan Staal.
6:52 of 1st period - Shot Misses the Net.
7:18 of 1st period - Icing by Anton Lundell.
7:19 of 1st period - Joe Pavelski wins face-off versus Anton Lundell in EDMONTON ICE zone.
7:38 of 1st period - Minor Penalty to Jack Roslovic for Interference.
7:39 of 1st period - Jack Eichel wins face-off versus Sean Kuraly in WINNIPEG BEAVERS zone.
7:57 of 1st period - Off-side.
7:58 of 1st period - Sean Kuraly wins face-off versus Joonas Donskoi in neutral zone.
8:09 of 1st period - Rasmus Ristolainen is hit by Tanner Jeannot and loses puck.
8:32 of 1st period - Shot by Brandon Tanev.
8:32 of 1st period - Stopped by Jonathan Quick without a rebound.
8:33 of 1st period - Sean Kuraly wins face-off versus Jack Eichel in EDMONTON ICE zone.
9:03 of 1st period - Shot by Jack Eichel.
9:03 of 1st period - Shot Blocked by Victor Hedman.
9:05 of 1st period - Shot by Anthony Mantha.
9:05 of 1st period - Shot Misses the Net.
9:19 of 1st period - Shot by Timo Meier.
9:19 of 1st period - Shot Misses the Net.
9:35 of 1st period - Shot by Tanner Jeannot.
9:35 of 1st period - Shot Blocked by Victor Hedman.
9:37 of 1st period - Shot by Ryan Graves.
9:37 of 1st period - Shot Misses the Net.
9:39 of 1st period - Shot by Tanner Jeannot.
9:39 of 1st period - Shot Misses the Net.
9:41 of 1st period - Shot by Joshua Mahura.
9:41 of 1st period - Shot Blocked by Chris Tanev.
9:43 of 1st period - Shot by Kieffer Bellows.
9:43 of 1st period - Shot Misses the Net.
9:47 of 1st period - Shot by Tanner Jeannot.
9:47 of 1st period - Stopped by Anton Forsberg without a rebound.
9:48 of 1st period - Jordan Staal wins face-off versus Joel Eriksson Ek in WINNIPEG BEAVERS zone.
10:57 of 1st period - Joe Pavelski is hit by Austin Watson and loses puck.
11:45 of 1st period - Icing by Ryan Graves.
11:46 of 1st period - Jack Eichel wins face-off versus Sean Kuraly in EDMONTON ICE zone.
11:55 of 1st period - Shot by Sean Kuraly.
11:55 of 1st period - Shot Misses the Net.
12:01 of 1st period - Shot by Jack Eichel.
12:01 of 1st period - Deflect By Tanner Jeannot.
12:01 of 1st period - Stopped by Anton Forsberg with a rebound.
12:03 of 1st period - Shot by Ryan Graves.
12:03 of 1st period - Shot Misses the Net.
12:26 of 1st period - Off-side.
12:27 of 1st period - Joel Eriksson Ek wins face-off versus Jordan Staal in neutral zone.
12:30 of 1st period - Jordan Staal is hit by Joel Eriksson Ek.
12:33 of 1st period - Off-side.
12:34 of 1st period - Joel Eriksson Ek wins face-off versus Alexander Radulov in neutral zone.
12:44 of 1st period - Shot by Timo Meier.
12:44 of 1st period - Goal by Timo Meier - EDMONTON ICE : 1 - WINNIPEG BEAVERS : 0.
12:45 of 1st period - Joel Eriksson Ek wins face-off versus Joe Thornton in neutral zone.
12:45 of 1st period - Joel Eriksson Ek is hit by Joe Thornton.
13:25 of 1st period - Shot by Joel Eriksson Ek.
13:25 of 1st period - Stopped by Anton Forsberg without a rebound.
13:26 of 1st period - Jack Eichel wins face-off versus Joe Pavelski in WINNIPEG BEAVERS zone.
13:39 of 1st period - Shot by Brad Marchand.
13:39 of 1st period - Shot Misses the Net.
13:40 of 1st period - Minor Penalty to Ryan Graves for Hooking.
13:41 of 1st period - Anton Lundell wins face-off versus Jordan Staal in EDMONTON ICE zone.
13:47 of 1st period - Icing by Victor Hedman.
13:48 of 1st period - Joe Pavelski wins face-off versus Anton Lundell in WINNIPEG BEAVERS zone.
15:05 of 1st period - Icing by Ondrej Palat.
15:06 of 1st period - Jack Roslovic wins face-off versus Thomas Novak in WINNIPEG BEAVERS zone.
15:51 of 1st period - Shot by Jack Eichel.
15:51 of 1st period - Deflect By Tanner Jeannot.
15:51 of 1st period - Stopped by Anton Forsberg without a rebound.
15:52 of 1st period - Joe Thornton wins face-off versus Jack Eichel in WINNIPEG BEAVERS zone.
17:03 of 1st period - Carson Soucy is hit by Tanner Jeannot and loses puck.
17:45 of 1st period - Timo Meier is hit by Carson Soucy and loses puck.
18:41 of 1st period - Shot by Anton Lundell.
18:41 of 1st period - Stopped by Anton Forsberg without a rebound.
18:42 of 1st period - Joe Pavelski wins face-off versus Tanner Jeannot in WINNIPEG BEAVERS zone.
18:57 of 1st period - Shot by Brad Marchand.
18:57 of 1st period - Stopped by Jonathan Quick without a rebound.
18:58 of 1st period - Joe Thornton wins face-off versus Anton Lundell in EDMONTON ICE zone.
Goals for this period are 1 for EDMONTON ICE vs 0 for WINNIPEG BEAVERS.
Shots for this period are 8 for EDMONTON ICE vs 7 for WINNIPEG BEAVERS.

2nd period


0:01 of 2nd period - Joel Eriksson Ek wins face-off versus Joe Pavelski in neutral zone.
0:15 of 2nd period - Joel Eriksson Ek is hit by Ian Cole and loses puck.
0:37 of 2nd period - Minor Penalty to Jordan Spence for Tripping.
0:38 of 2nd period - Jack Roslovic wins face-off versus Anton Lundell in EDMONTON ICE zone.
1:10 of 2nd period - Shot by Victor Hedman.
1:10 of 2nd period - Stopped by Jonathan Quick without a rebound.
1:11 of 2nd period - Jordan Staal wins face-off versus Anton Lundell in EDMONTON ICE zone.
1:52 of 2nd period - Shot by Joe Pavelski.
1:52 of 2nd period - Deflect By Brad Marchand.
1:52 of 2nd period - Goal by Brad Marchand - EDMONTON ICE : 1 - WINNIPEG BEAVERS : 1.
1:53 of 2nd period - Jack Eichel wins face-off versus Tyler Ennis in neutral zone.
2:31 of 2nd period - Icing by Jonas Brodin.
2:32 of 2nd period - Jack Eichel wins face-off versus Joe Pavelski in EDMONTON ICE zone.
4:19 of 2nd period - Joonas Donskoi is hit by Brandon Tanev and loses puck.
5:20 of 2nd period - Shot by Steven Lorentz.
5:20 of 2nd period - Deflect By Seth Griffith.
5:20 of 2nd period - Shot Misses the Net.
6:13 of 2nd period - Shot by Joe Pavelski.
6:13 of 2nd period - Shot Misses the Net.
6:15 of 2nd period - Shot by Chris Tanev.
6:15 of 2nd period - Deflect By Brad Marchand.
6:15 of 2nd period - Stopped by Jonathan Quick without a rebound.
6:16 of 2nd period - Jordan Staal wins face-off versus Jack Eichel in EDMONTON ICE zone.
6:16 of 2nd period - Ondrej Palat is hit by Jonas Brodin and loses puck.
6:27 of 2nd period - Shot by Ondrej Palat.
6:27 of 2nd period - Shot Blocked by Jonas Brodin.
6:29 of 2nd period - Shot by Jordan Staal.
6:29 of 2nd period - Goal by Jordan Staal - EDMONTON ICE : 1 - WINNIPEG BEAVERS : 2.
6:30 of 2nd period - Thomas Novak wins face-off versus Sean Kuraly in neutral zone.
6:45 of 2nd period - Victor Hedman is hit by Jordan Spence.
6:52 of 2nd period - Sean Kuraly is hit by Jordan Spence and loses puck.
7:09 of 2nd period - Shot by Brandon Tanev.
7:09 of 2nd period - Stopped by Jonathan Quick with a rebound.
7:11 of 2nd period - Shot by Sean Kuraly.
7:11 of 2nd period - Goal by Sean Kuraly - EDMONTON ICE : 1 - WINNIPEG BEAVERS : 3.
7:12 of 2nd period - Joel Eriksson Ek wins face-off versus Jordan Staal in neutral zone.
7:27 of 2nd period - Off-side.
7:28 of 2nd period - Joe Pavelski wins face-off versus Tanner Jeannot in neutral zone.
8:11 of 2nd period - Shot by Joe Pavelski.
8:11 of 2nd period - Shot Misses the Net.
9:25 of 2nd period - Shot by Sean Kuraly.
9:25 of 2nd period - Shot Misses the Net.
9:27 of 2nd period - Shot by Rasmus Ristolainen.
9:27 of 2nd period - Shot Misses the Net.
9:58 of 2nd period - Shea Theodore is hit by Caleb Jones and loses puck.
10:26 of 2nd period - Steven Lorentz is hit by Shea Theodore and loses puck.
11:29 of 2nd period - Shot by Jordan Staal.
11:29 of 2nd period - Stopped by Jonathan Quick without a rebound.
11:30 of 2nd period - Sean Kuraly wins face-off versus Jack Eichel in EDMONTON ICE zone.
11:57 of 2nd period - Shot by Anthony Mantha.
11:57 of 2nd period - Shot Misses the Net.
12:33 of 2nd period - Shot by Anton Lundell.
12:33 of 2nd period - Deflect By Austin Watson.
12:33 of 2nd period - Shot Misses the Net.
12:35 of 2nd period - Shot by Joshua Mahura.
12:35 of 2nd period - Stopped by Anton Forsberg without a rebound.
12:36 of 2nd period - Jordan Staal wins face-off versus Anton Lundell in WINNIPEG BEAVERS zone.
12:54 of 2nd period - Joonas Donskoi is hit by Caleb Jones and loses puck.
13:21 of 2nd period - Shot by Tanner Jeannot.
13:21 of 2nd period - Shot Misses the Net.
13:23 of 2nd period - Shot by Thomas Novak.
13:23 of 2nd period - Deflect By Tanner Jeannot.
13:23 of 2nd period - Stopped by Anton Forsberg with a rebound.
13:27 of 2nd period - Shot by Tanner Jeannot.
13:27 of 2nd period - Shot Misses the Net.
13:29 of 2nd period - Shot by Thomas Novak.
13:29 of 2nd period - Stopped by Anton Forsberg with a rebound.
13:31 of 2nd period - Shot by Thomas Novak.
13:31 of 2nd period - Shot Blocked by Carson Soucy.
13:33 of 2nd period - Shot by Tanner Jeannot.
13:33 of 2nd period - Stopped by Anton Forsberg without a rebound.
13:34 of 2nd period - Joe Pavelski wins face-off versus Jack Eichel in WINNIPEG BEAVERS zone.
13:36 of 2nd period - Icing by Brad Marchand.
13:37 of 2nd period - Jack Eichel wins face-off versus Joe Pavelski in WINNIPEG BEAVERS zone.
13:39 of 2nd period - Tanner Jeannot is hit by Ian Cole and loses puck.
13:48 of 2nd period - Shot by Joe Pavelski.
13:48 of 2nd period - Shot Misses the Net.
13:50 of 2nd period - Shot by Brad Marchand.
13:50 of 2nd period - The goal is going for a video replay.
13:50 of 2nd period - The goal is refused.
13:51 of 2nd period - Joe Thornton wins face-off versus Joonas Donskoi in EDMONTON ICE zone.
15:00 of 2nd period - Tanner Jeannot is hit by Brad Marchand and loses puck.
15:17 of 2nd period - Shot by Brad Marchand.
15:17 of 2nd period - Shot Blocked by Jordan Spence.
16:11 of 2nd period - Icing by Shea Theodore.
16:12 of 2nd period - Joel Eriksson Ek wins face-off versus Sean Kuraly in EDMONTON ICE zone.
16:48 of 2nd period - Icing by Ryan Graves.
16:49 of 2nd period - Jordan Staal wins face-off versus Joel Eriksson Ek in EDMONTON ICE zone.
17:26 of 2nd period - Icing by Carson Soucy.
17:27 of 2nd period - Jordan Staal wins face-off versus Anton Lundell in WINNIPEG BEAVERS zone.
17:33 of 2nd period - Minor Penalty to Caleb Jones for Hooking.
17:34 of 2nd period - Sean Kuraly wins face-off versus Jack Eichel in WINNIPEG BEAVERS zone.
17:42 of 2nd period - Off-side.
17:43 of 2nd period - Sean Kuraly wins face-off versus Tanner Jeannot in neutral zone.
17:43 of 2nd period - Sean Kuraly is hit by Tanner Jeannot.
19:23 of 2nd period - Sean Kuraly is hit by Tanner Jeannot and loses puck.
19:35 of 2nd period - Shot by Tanner Jeannot.
19:35 of 2nd period - Stopped by Anton Forsberg without a rebound.
19:36 of 2nd period - Anton Lundell wins face-off versus Jordan Staal in WINNIPEG BEAVERS zone.
19:52 of 2nd period - Ondrej Palat is hit by Austin Watson and loses puck.
19:56 of 2nd period - Ian Cole is hit by Austin Watson and loses puck.
Goals for this period are 0 for EDMONTON ICE vs 3 for WINNIPEG BEAVERS.
Shots for this period are 5 for EDMONTON ICE vs 8 for WINNIPEG BEAVERS.

3rd period


0:01 of 3rd period - Joe Pavelski wins face-off versus Jack Eichel in neutral zone.
0:20 of 3rd period - Shot by Brad Marchand.
0:20 of 3rd period - Goal by Brad Marchand - EDMONTON ICE : 1 - WINNIPEG BEAVERS : 4.
0:20 of 3rd period - Alex Nedeljkovic enters game.
0:21 of 3rd period - Ondrej Palat wins face-off versus Joel Eriksson Ek in neutral zone.
0:55 of 3rd period - Shot by Joel Eriksson Ek.
0:55 of 3rd period - Deflect By Timo Meier.
0:55 of 3rd period - Stopped by Anton Forsberg with a rebound.
1:06 of 3rd period - Scott Laughton is hit by Rasmus Ristolainen and loses puck.
1:28 of 3rd period - Icing by Jordan Staal.
1:29 of 3rd period - Jordan Staal wins face-off versus Austin Watson in WINNIPEG BEAVERS zone.
1:40 of 3rd period - Anton Lundell is hit by Rasmus Ristolainen and loses puck.
1:48 of 3rd period - Minor Penalty to Rasmus Ristolainen for Interference.
1:49 of 3rd period - Sean Kuraly wins face-off versus Jack Eichel in WINNIPEG BEAVERS zone.
2:25 of 3rd period - Shot by Jack Eichel.
2:25 of 3rd period - Stopped by Anton Forsberg without a rebound.
2:26 of 3rd period - Sean Kuraly wins face-off versus Joel Eriksson Ek in WINNIPEG BEAVERS zone.
2:45 of 3rd period - Shot by Joel Eriksson Ek.
2:45 of 3rd period - Shot Misses the Net.
3:18 of 3rd period - Shot by Sean Kuraly.
3:18 of 3rd period - Stopped by Alex Nedeljkovic without a rebound.
3:19 of 3rd period - Sean Kuraly wins face-off versus Jack Eichel in EDMONTON ICE zone.
3:38 of 3rd period - Shot by Jonas Brodin.
3:38 of 3rd period - Stopped by Anton Forsberg with a rebound.
3:44 of 3rd period - Shot by Jack Eichel.
3:44 of 3rd period - Shot Blocked by Victor Hedman.
3:46 of 3rd period - Shot by Timo Meier.
3:46 of 3rd period - Stopped by Anton Forsberg without a rebound.
3:47 of 3rd period - Jack Eichel wins face-off versus Sean Kuraly in WINNIPEG BEAVERS zone.
3:48 of 3rd period - Shot by Timo Meier.
3:48 of 3rd period - Goal by Timo Meier - EDMONTON ICE : 2 - WINNIPEG BEAVERS : 4.
3:49 of 3rd period - Joe Pavelski wins face-off versus Joel Eriksson Ek in neutral zone.
3:58 of 3rd period - Shot by Joe Pavelski.
3:58 of 3rd period - Stopped by Alex Nedeljkovic without a rebound.
3:59 of 3rd period - Jordan Staal wins face-off versus Jack Eichel in EDMONTON ICE zone.
5:20 of 3rd period - Shot by Joel Eriksson Ek.
5:20 of 3rd period - Shot Misses the Net.
5:27 of 3rd period - Joel Eriksson Ek is hit by Caleb Jones and loses puck.
6:01 of 3rd period - Off-side.
6:02 of 3rd period - Sean Kuraly wins face-off versus Anton Lundell in neutral zone.
6:38 of 3rd period - Shot by Tyler Ennis.
6:38 of 3rd period - Shot Blocked by Andy Greene.
7:29 of 3rd period - Jordan Staal is hit by Andy Greene and loses puck.
7:53 of 3rd period - Icing by Rasmus Ristolainen.
7:54 of 3rd period - Steven Lorentz wins face-off versus Jack Eichel in WINNIPEG BEAVERS zone.
8:02 of 3rd period - Off-side.
8:03 of 3rd period - Jack Eichel wins face-off versus Joe Pavelski in neutral zone.
8:12 of 3rd period - Shot by Anthony Mantha.
8:12 of 3rd period - Shot Misses the Net.
8:14 of 3rd period - Shot by Anthony Mantha.
8:14 of 3rd period - Shot Misses the Net.
8:20 of 3rd period - Shot by Tanner Jeannot.
8:20 of 3rd period - Shot Misses the Net.
8:24 of 3rd period - Shot by Tanner Jeannot.
8:24 of 3rd period - Deflect By Jack Eichel.
8:24 of 3rd period - Goal by Jack Eichel - EDMONTON ICE : 3 - WINNIPEG BEAVERS : 4.
8:25 of 3rd period - Joel Eriksson Ek wins face-off versus Sean Kuraly in neutral zone.
8:52 of 3rd period - Shot by Brandon Tanev.
8:52 of 3rd period - Shot Misses the Net.
8:55 of 3rd period - Icing by Shea Theodore.
8:56 of 3rd period - Joel Eriksson Ek wins face-off versus Joe Pavelski in EDMONTON ICE zone.
9:51 of 3rd period - Shot by Jordan Staal.
9:51 of 3rd period - Shot Blocked by Jonas Brodin.
9:58 of 3rd period - Icing by Jonas Brodin.
9:59 of 3rd period - Jack Eichel wins face-off versus Sean Kuraly in EDMONTON ICE zone.
10:27 of 3rd period - Brandon Tanev is hit by Jordan Spence and loses puck.
10:43 of 3rd period - Icing by Brandon Tanev.
10:44 of 3rd period - Sean Kuraly wins face-off versus Joel Eriksson Ek in WINNIPEG BEAVERS zone.
10:44 of 3rd period - Sean Kuraly is hit by Scott Laughton.
10:50 of 3rd period - Joel Eriksson Ek is hit by Brandon Tanev and loses puck.
11:23 of 3rd period - Shot by Joel Eriksson Ek.
11:23 of 3rd period - Shot Misses the Net.
11:25 of 3rd period - Shot by Timo Meier.
11:25 of 3rd period - Stopped by Anton Forsberg without a rebound.
11:26 of 3rd period - Anton Lundell wins face-off versus Joe Pavelski in WINNIPEG BEAVERS zone.
11:55 of 3rd period - Shot by Brad Marchand.
11:55 of 3rd period - Goal by Brad Marchand - EDMONTON ICE : 3 - WINNIPEG BEAVERS : 5.
11:56 of 3rd period - Jack Eichel wins face-off versus Jordan Staal in neutral zone.
12:05 of 3rd period - Shot by Tanner Jeannot.
12:05 of 3rd period - Deflect By Jack Eichel.
12:05 of 3rd period - Shot Misses the Net.
12:39 of 3rd period - Shot by Alexander Radulov.
12:39 of 3rd period - Shot Misses the Net.
12:41 of 3rd period - Shot by Jordan Staal.
12:41 of 3rd period - Stopped by Alex Nedeljkovic without a rebound.
12:42 of 3rd period - Joe Pavelski wins face-off versus Joel Eriksson Ek in EDMONTON ICE zone.
13:42 of 3rd period - Minor Penalty to Austin Watson for Hooking.
13:43 of 3rd period - Anton Lundell wins face-off versus Jack Roslovic in EDMONTON ICE zone.
14:40 of 3rd period - Off-side.
14:41 of 3rd period - Jordan Staal wins face-off versus Anton Lundell in neutral zone.
15:01 of 3rd period - Shot by Joe Pavelski.
15:01 of 3rd period - Shot Blocked by Ryan Graves.
15:03 of 3rd period - Shot by Brad Marchand.
15:03 of 3rd period - Shot Misses the Net.
15:05 of 3rd period - Shot by Brad Marchand.
15:05 of 3rd period - Shot Blocked by Anton Lundell.
15:07 of 3rd period - Shot by Jordan Staal.
15:07 of 3rd period - Shot Blocked by Ryan Graves.
15:39 of 3rd period - Shot by Ondrej Palat.
15:39 of 3rd period - Stopped by Alex Nedeljkovic without a rebound.
15:40 of 3rd period - Jordan Staal wins face-off versus Thomas Novak in EDMONTON ICE zone.
16:33 of 3rd period - Steven Lorentz is hit by Tanner Jeannot and loses puck.
16:50 of 3rd period - Shot by Seth Griffith.
16:50 of 3rd period - Shot Misses the Net.
17:08 of 3rd period - Shot by Scott Laughton.
17:08 of 3rd period - Stopped by Anton Forsberg without a rebound.
17:09 of 3rd period - Thomas Novak wins face-off versus Jordan Staal in WINNIPEG BEAVERS zone.
17:10 of 3rd period - Shot by Tanner Jeannot.
17:10 of 3rd period - Deflect By Thomas Novak.
17:10 of 3rd period - Shot Misses the Net.
17:12 of 3rd period - Shot by Tanner Jeannot.
17:12 of 3rd period - Stopped by Anton Forsberg without a rebound.
17:13 of 3rd period - Anton Lundell wins face-off versus Jordan Staal in WINNIPEG BEAVERS zone.
17:24 of 3rd period - Shot by Anton Lundell.
17:24 of 3rd period - Shot Misses the Net.
17:26 of 3rd period - Shot by Joonas Donskoi.
17:26 of 3rd period - Deflect By Anton Lundell.
17:26 of 3rd period - Stopped by Anton Forsberg with a rebound.
17:28 of 3rd period - Shot by Ryan Graves.
17:28 of 3rd period - Stopped by Anton Forsberg with a rebound.
17:30 of 3rd period - Shot by Austin Watson.
17:30 of 3rd period - Shot Blocked by Ian Cole.
17:32 of 3rd period - Shot by Anton Lundell.
17:32 of 3rd period - Stopped by Anton Forsberg without a rebound.
17:33 of 3rd period - Joe Pavelski wins face-off versus Thomas Novak in WINNIPEG BEAVERS zone.
17:46 of 3rd period - Shot by Joe Pavelski.
17:46 of 3rd period - Stopped by Alex Nedeljkovic without a rebound.
17:47 of 3rd period - Jordan Staal wins face-off versus Scott Laughton in EDMONTON ICE zone.
18:17 of 3rd period - Icing by Timo Meier.
18:18 of 3rd period - Joe Pavelski wins face-off versus Timo Meier in EDMONTON ICE zone.
18:31 of 3rd period - Shot by Joel Eriksson Ek.
18:31 of 3rd period - Shot Blocked by Victor Hedman.
18:36 of 3rd period - Timo Meier is hit by Victor Hedman and loses puck.
18:48 of 3rd period - Off-side.
18:49 of 3rd period - Jack Eichel wins face-off versus Jordan Staal in neutral zone.
18:56 of 3rd period - Shot by Jonas Brodin.
18:56 of 3rd period - Stopped by Anton Forsberg without a rebound.
18:56 of 3rd period - Minor Penalty to Anton Forsberg for Delaying the game.
18:57 of 3rd period - Jack Eichel wins face-off versus Sean Kuraly in WINNIPEG BEAVERS zone.
19:05 of 3rd period - Timo Meier is hit by Caleb Jones and loses puck.
19:45 of 3rd period - Icing by Jonas Brodin.
19:46 of 3rd period - Jack Eichel wins face-off versus Seth Griffith in EDMONTON ICE zone.
Goals for this period are 2 for EDMONTON ICE vs 2 for WINNIPEG BEAVERS.
Shots for this period are 13 for EDMONTON ICE vs 7 for WINNIPEG BEAVERS.


SEBASTIAN
AHO
MARK
SCHEIFELE
JAKE
OETTINGER

EAST COAST

HOCKEY LEAGUE

  • 17.QUE3CHI2
  • 18.CHA2LIM4
  • 19.TRV3LON2
  • 20.CHW1BAL2
  • 21.PITMAN
  • 22.ATLNHW
  • 23.WORPET
  • 24.RHI